 Dungeon Crawl Stone Soup version 0.24.1 (webtiles) character file.

Game seed: 13560379242188686412, levelgen mode: deterministic

51 M4edhros the Charlatan (level 3, -2/23 HPs)
             Began as an Octopode Artificer on Mar 27, 2020.
             Slain by a rat (3 damage)
             ... on level 2 of the Dungeon.
             The game lasted 00:00:56 (203 turns).

M4edhros the Charlatan (Octopode Artificer)          Turns: 203, Time: 00:00:57

Health: -2/23      AC:  1    Str: 11    XL:     3   Next: 81%
Magic:  6/6        EV: 13    Int: 13    God:
Gold:   10         SH:  0    Dex: 13    Spells: 2/2 levels left

rFire    . . .     SeeInvis .   a - +0 short sword
rCold    . . .     Gourm    .   (no shield)
rNeg     . . .     Faith    .   (helmet restricted)
rPois    .         Spirit   .   (no amulet)
rElec    .         Reflect  .   (no ring)
rCorr    .         Harm     .   (no ring)
MR       .....                  (no ring)
Stlth    +++.......             (no ring)
HPRegen  0.07/turn              (no ring)
MPRegen  0.10/turn              (no ring)
                                (no ring)
                                (no ring)

@: no status effects
A: almost no armour, stealthy swim, amphibious, 8 rings, constrict 8, camouflage
1, gelatinous body 1
a: no special abilities


You were on level 2 of the Dungeon.
You were not hungry.

You visited 1 branch of the dungeon, and saw 2 of its levels.

You collected 10 gold pieces.

Inventory:

Hand Weapons
 a - a +0 short sword (weapon)
Wands
 b - a wand of flame (11)
 c - a wand of enslavement (11)
 d - a wand of random effects (10)
Scrolls
 e - a scroll of identify {unknown}
Comestibles
 f - 2 rations
 g - a chunk of flesh


   Skills:
 - Level 1.0 Fighting
 - Level 1.0 Short Blades
 - Level 2.0 Dodging
 + Level 3.7 Stealth
 + Level 4.3 Evocations


You had 2 spell levels left.
You didn't know any spells.
Your spell library was empty.

Dungeon Overview and Level Annotations

Branches:
Dungeon (2/15)

Altars:

Annotations:
D:2 Natasha


Innate Abilities, Weirdness & Mutations

You cannot wear most types of armour.
You are very stealthy in the water. (Stealth+)
You are amphibious.
You can wear up to eight rings at the same time.
You can use your tentacles to constrict eight enemies at once.
Your skin changes colour to match your surroundings (Stealth+).
Your rubbery body absorbs attacks. (AC +1, EV +1)


Message History

Evoke which item? (* to show all) (? for menu, Esc to quit)
Aiming: Enslavement
Press: ? - help, Shift-Dir - straight line, f/p - Natasha
Aim: Natasha (fast, chance to defeat MR: 59%) Natasha resists with significant effort.
Evoke which item? (* to show all) (? for menu, Esc to quit)
Aiming: Enslavement
Press: ? - help, Shift-Dir - straight line, f/p - Natasha
Aim: Natasha (fast, chance to defeat MR: 59%) Natasha resists with significant effort.
Natasha mumbles some strange words.
Evoke which item? (* to show all) (? for menu, Esc to quit)
Aiming: Enslavement
Press: ? - help, Shift-Dir - straight line, f/p - Natasha
Aim: Natasha (fast, chance to defeat MR: 59%) Natasha resists with significant effort.
Something bites the white imp.
A ball python comes into view.
Natasha barely misses you. The rat bites you.
You die...

....# ## #####
#....##. %.
#...#####....... .#
#..†...)..# # ..
##..####.##.# #.
#.<÷.##... #)
#....##.###
#.####5......######
#.@h....###.....%..
#.r........#...####.
#.######.#.##..# ...
..#.........# ...#
######....>.. #S..
##.###.. ... .# . ..
.# .#


You could see Natasha, a white imp, a ball python and a rat.

Vanquished Creatures
  Jessica (D:2)
  2 adders (D:2)
  A giant cockroach (D:2)
  2 hobgoblins
  A bat (D:1)
7 creatures vanquished.

Vanquished Creatures (collateral kills)
  A bat (D:2)
1 creature vanquished.

Grand Total: 8 creatures vanquished

Notes
Turn   | Place    | Note
-------+----------+-------------------------------------------
     0 | D:1      | M4edhros the Octopode Artificer began the quest for the
                  | Orb.
     0 | D:1      | Reached XP level 1. HP: 13/13 MP: 3/3
    76 | D:2      | Reached XP level 2. HP: 12/18 MP: 4/4
   172 | D:2      | Reached XP level 3. HP: 23/23 MP: 5/5
   185 | D:2      | Reached skill level 4 in Evocations
   196 | D:2      | Noticed Jessica
   199 | D:2      | Killed Jessica
   199 | D:2      | Noticed Natasha
   200 | D:2      | HP: 1/23 [Natasha/magic dart (10)]
   203 | D:2      | Slain by a rat

Levels and vault maps discovered:
D:1:      lightli_arrival_statuegarden, layout_basic, kennysheep_flooded_box
D:2:      layout_rooms, nicolae_gozag_cash_rules_everything_around_me,
          uniq_natasha, uniq_jessica, uniq_terence

Skill      XL: |  1  2  3 |
---------------+----------+-----
Stealth        | 2 3 |  3.7
Evocations     | 4 |  4.3
Fighting       | |  1.0
Short Blades   | |  1.0
Dodging        | |  2.0

Action                   || total
-------------------------++-------
Melee: Short sword       ||     8
       Constrict         ||     4
       Tentacles         ||     3
Evoke: Wand              ||    13
 Stab: Distracted        ||     1
       Sleeping          ||     1
Dodge: Dodged            ||     7
